 Dungeon Crawl Stone Soup version 0.26.1-11-gd32895ea62 (webtiles) character file.

Game seed: 5464025467342663136

12011 eccles the Carver (level 11, -14/91 HPs)
             Began as a Minotaur Enchanter on May 12, 2021.
             Was an Elder of Sif Muna.
             Demolished by a freezing wraith (20 damage)
             ... on level 12 of the Dungeon on June 27, 2021.
             The game lasted 01:50:34 (14430 turns).

eccles the Carver (Minotaur Enchanter)             Turns: 14430, Time: 01:50:35

Health: -14/91     AC: 11    Str: 13    XL:     11   Next: 56%
Magic:  20/21      EV: 19    Int: 17    God:    Sif Muna [****..]
Gold:   562        SH:  0    Dex: 11    Spells: 7/25 levels left

rFire    . . .     SeeInvis .   H - +9 short sword of Joyful Slaughter {flame, rPois Int+2}
rCold    . . .     Faith    .   (no shield)
rNeg     . . .     Spirit   .   a - +1 steam dragon scales
rPois    +         Reflect  .   (helmet restricted)
rElec    .         Harm     .   h - +0 cloak
rCorr    .         Rampage  .   (no gloves)
Will     .....                  x - +2 pair of boots
Stlth    ++........             (no amulet)
HPRegen  0.25/turn              u - ring of wizardry
MPRegen  0.17/turn              v - +4 ring of evasion

@: slowed, very slow
A: retaliatory headbutt, horns 2
a: Renounce Religion, Channel Magic, Forget Spell, Divine Exegesis


You were on level 12 of the Dungeon.
You worshipped Sif Muna.
Sif Muna was greatly pleased with you.
You visited 1 branch of the dungeon, and saw 12 of its levels.
You also visited: Ossuary and Ice Cave.

You collected 622 gold pieces.
You spent 60 gold pieces at shops.

Inventory:

Hand Weapons
 c - a +2 dagger of distortion
 p - a +1 whip of electrocution
 w - a +0 shortbow
 E - a +5 falchion of holy wrath
 H - the +9 short sword of Joyful Slaughter (weapon) {flame, rPois Int+2}
   (You found it on level 10 of the Dungeon)

   It has been specially enchanted to burn those struck by it, causing extra
   injury to most foes and up to half again as much damage against particularly
   susceptible opponents.
   It affects your intelligence (+2).
   It protects you from poison.
Missiles
 b - 36 poisoned darts (quivered)
 f - 56 bolts
 k - 113 sling bullets
 G - a boomerang of dispersal
 K - 191 arrows
Armour
 a - +1 steam dragon scales (worn)
 h - a +0 cloak (worn)
 j - a +1 pair of boots
 m - a +3 leather armour
 x - a +2 pair of boots (worn)
 F - a +0 kite shield
 S - a scarf of invisibility
Jewellery
 s - an uncursed ring of fire
 u - a ring of wizardry (left hand)
 v - a +4 ring of evasion (right hand)
 y - an uncursed ring of flight
 B - an uncursed ring of protection from fire
 I - an uncursed ring of ice
 R - an uncursed ring of poison resistance {unknown}
Wands
 z - a wand of iceblast (25)
 D - a wand of digging (6)
 M - a wand of enslavement (2)
Scrolls
 i - 3 scrolls of amnesia
 r - 7 scrolls of teleportation
 t - a scroll of fog
 N - 4 scrolls of remove curse
 Q - 3 scrolls of fear
Potions
 d - 2 potions of might {unknown}
 e - 4 potions of curing
 g - 4 potions of magic
 l - a potion of resistance {unknown}
 n - a potion of brilliance {unknown}
 o - 6 potions of lignification
 q - a potion of ambrosia {unknown}
 A - 3 potions of cancellation {unknown}
 C - 4 potions of attraction
 J - 4 potions of mutation
 L - 6 potions of flight
 O - 2 potions of invisibility


   Skills:
 + Level 6.7 Fighting
 + Level 6.6(8.5) Short Blades
 + Level 9.0(10.1) Long Blades
 + Level 0.3 Throwing
 + Level 3.9 Armour
 + Level 6.7 Dodging
 + Level 4.2 Stealth
 + Level 0.9 Unarmed Combat
 * Level 7.5 Spellcasting
 + Level 5.1 Hexes
 + Level 0.8 Translocations


You had 7 spell levels left.
You knew the following spells:

 Your Spells              Type           Power        Failure   Level
a - Corona                Hex            25%          1%          1
b - Ensorcelled Hibernat  Hex/Ice        30%          2%          2
c - Tukima's Dance        Hex            23%          1%          3
d - Confusing Touch       Hex            23%          1%          3
e - Dazzling Flash        Conj/Hex       30%          4%          3
f - Gell's Gravitas       Tloc           4%           9%          3
g - Magic Dart            Conj           24%          4%          1
h - Searing Ray           Conj           12%          7%          2

Your spell library contained the following spells:

 Spells                   Type           Power        Failure   Level
 Slow                     Hex            23%          1%          2
 Blink                    Tloc           N/A          4%          2
 Call Imp                 Summ           6%           7%          2
 Poisonous Vapours        Pois/Air       12%          7%          2
 Conjure Flame            Conj/Fire      6%           13%         3
 Mephitic Cloud           Conj/Pois/Air  6%           13%         3
 Fulminant Prism          Conj/Hex       7%           16%         4
 Iskenderun's Mystic Bla  Conj/Tloc      7%           34%         4
 Petrify                  Tmut/Erth      6%           38%         4
 Metabolic Englaciation   Hex/Ice        7%           38%         5
 Yara's Violent Unravell  Hex/Tmut       7%           38%         5
 Freezing Cloud           Conj/Ice/Air   3%           99%         6


Dungeon Overview and Level Annotations

Branches:
Dungeon (12/15)            Temple (0/1) D:5            Lair (0/6) D:11
    Orc (0/2) D:11        Ossuary (visited)           IceCv (visited)

Altars:
Dithmenos
Fedhas
Gozag
Hepliaklqana
Kikubaaqudgha
Okawaru
Sif Muna
Zin
The Shining One
Beogh

Shops:
D:4 ![

Annotations:
D:6 3 runed translucent doors, captivecurve's ghost, novice HOFi
D:8 Maurice; Prince Ribbit
D:10 3 runed translucent doors, mavignon's ghost, journeyman FoHu


Innate Abilities, Weirdness & Mutations

You reflexively headbutt those who attack you in melee.
You have a pair of horns on your head.


Message History

You feel better.
The freezing wraith closely misses you. x2
Casting: Searing Ray (safe; 7% risk of failure)
Confirm with . or Enter, or press ? or * to list all spells.
Aiming: Corona (safe; 1% risk of failure)
Press: ? - help, Shift-Dir - straight line, f - freezing wraith
Aim: a freezing wraith (heavily damaged, chance to affect: 45%)
The freezing wraith resists with significant effort.
The freezing wraith hits you. The freezing wraith freezes you!
* * * LOW HITPOINT WARNING * * *
The freezing wraith hits you.
* * * LOW HITPOINT WARNING * * *
The freezing wraith drains your vigour!
You feel yourself slow down.
You feel better. The freezing wraith misses you.
The freezing wraith barely misses you.
You feel better. The freezing wraith hits you! The freezing wraith freezes you!
* * * LOW HITPOINT WARNING * * *
The freezing wraith misses you. The freezing wraith hits you!
* * * LOW HITPOINT WARNING * * *
The freezing wraith freezes you!!
You die...

*********,* *,*******,* *
*,***#####***,*******,* *
*,,,,,...,,,,,,,,,,**,* *
******#.#****,,,,*,**,*
*******### #.# *,**,*,**,*
**,,,,,..# ##.####*,**,*,**,*
,*,****#.# #.....#*,**,#,,,,*
*,,* #.# #.....##,##.#**,,*
,*** #.# ##!.@...#.....,,,,*
*#######.####..W..........**,**
,...........(..$.h).###..,**,*
**######.######.###.# ******,*
* ##.## #.# *.# *,* * ##.#.##
#.# *.# ******,* * ##.###.##
#.# *.#**,,,**,* * #.## ##.#
#.# *..,,,,,**,* * ##.###.##
*.# *##**,,,**,*


You could see a freezing wraith and a howler monkey (wandering).

Vanquished Creatures
  Harold (D:10)
  A two-headed ogre (D:8)
  Pikel (D:4)
  An ugly thing (D:12)
  Psyche (D:9)
  Maggie (D:8)
  2 freezing wraiths (IceCv)
  A troll (D:7)
  2 wolf spider simulacra (IceCv)
  2 wyverns
  Eustachio (D:4)
  7 water moccasins
  2 orc warriors (D:8)
  A black bear (D:3)
  6 ice beasts
  3 sky beasts
  A hornet zombie (D:11)
  3 centaurs
  2 necrophages
  6 ogres
  3 phantoms
  3 big kobolds
  11 bullfrogs
  A water moccasin skeleton (D:9)
  A scorpion (D:3)
  6 killer bees (D:10)
  13 wights
  3 howler monkeys
  A human zombie (Ossuary)
  2 quasits (D:8)
  4 centaur zombies
  7 hounds
  4 centaur skeletons
  3 jellies
  A bullfrog skeleton (D:8)
  3 orc priests
  Ijyb (D:4)
  7 orc wizards
  7 worker ants
  A polar bear simulacrum (IceCv)
  A killer bee zombie (D:6)
  A big kobold zombie (Ossuary)
  A hound zombie (D:7)
  A hound skeleton (D:7)
  5 mummies (Ossuary)
  2 worker ant zombies
  Robin (D:4)
  8 adders
  3 gnolls (D:3)
  A howler monkey skeleton (D:10)
  2 shadow imps
  18 white imps
  2 ufetubi
  3 oozes
  An adder skeleton (D:6)
  5 worms
  4 dart slugs
  7 leopard geckos
  26 orcs
  5 ball pythons
  4 giant cockroaches
  5 hobgoblins
  12 jackals
  4 quokkas
  9 bats (D:1)
  13 frilled lizards
  14 goblins
  2 goblin zombies (Ossuary)
  A hobgoblin zombie (Ossuary)
  21 kobolds
  A kobold zombie (Ossuary)
  A leopard gecko skeleton (D:8)
  An orc zombie (Ossuary)
  8 rats
320 creatures vanquished.

Vanquished Creatures (collateral kills)
  An alligator simulacrum (IceCv)
  2 orcs
3 creatures vanquished.

Vanquished Creatures (others)
  2 dancing weapons
  39 fungi (D:11)
  41 plants
82 creatures vanquished.

Grand Total: 405 creatures vanquished

Notes
Turn   | Place    | Note
-------+----------+-------------------------------------------
     0 | D:1      | eccles the Minotaur Enchanter began the quest for the Orb.
     0 | D:1      | Reached XP level 1. HP: 14/14 MP: 1/1
   399 | D:1      | Reached XP level 2. HP: 14/20 MP: 3/3
   578 | D:1      | Learned a level 2 spell: Ensorcelled Hibernation
  1075 | D:1      | Reached XP level 3. HP: 26/26 MP: 4/4
  1465 | D:2      | Noticed a phantom
  2665 | D:2      | Reached XP level 4. HP: 34/34 MP: 1/5
  3520 | D:2      | Found an ancient bone altar of Kikubaaqudgha.
  4107 | D:3      | Noticed an ogre
  4176 | D:3      | Found a shimmering blue altar of Sif Muna.
  4199 | D:3      | Became a worshipper of Sif Muna the Loreminder
  4334 | D:3      | Reached skill level 1 in Fighting
  4334 | D:3      | Reached XP level 5. HP: 31/40 MP: 7/7
  4472 | D:3      | Found a glowing silver altar of Zin.
  4653 | D:3      | Noticed a black bear
  4685 | D:3      | Killed a black bear
  4686 | D:3      | Reached XP level 6. HP: 34/47 MP: 5/9
  4712 | D:3      | Reached skill level 1 in Armour
  4712 | D:3      | Found a shadowy altar of Dithmenos.
  4860 | D:3      | Found a hazy altar of Hepliaklqana.
  4862 | D:3      | Found a blossoming altar of Fedhas.
  4959 | D:4      | Noticed Ijyb
  4978 | D:4      | Killed Ijyb
  4996 | D:4      | Found Vutz's Distillery.
  5006 | D:4      | Bought a potion of heal wounds for 60 gold pieces
  5090 | D:4      | Reached * piety under Sif Muna
  5202 | D:4      | Noticed Pikel
  5218 | D:4      | Killed Pikel
  5219 | D:4      | Reached XP level 7. HP: 37/56 MP: 8/11
  5232 | D:4      | Noticed Eustachio
  5249 | D:4      | Killed Eustachio
  5250 | D:4      | Reached XP level 8. HP: 20/62 MP: 10/12
  5312 | D:4      | Noticed Robin
  5317 | D:4      | Killed Robin
  5343 | D:4      | Found Gunaavorch's Armour Shop.
  5536 | D:4      | Found a glowing golden altar of the Shining One.
  5648 | D:5      | Entered Level 5 of the Dungeon
  5789 | D:5      | Reached skill level 5 in Short Blades
  5804 | D:5      | Learned a level 3 spell: Tukima's Dance
  5808 | D:5      | Learned a level 3 spell: Confusing Touch
  5812 | D:5      | Learned a level 3 spell: Dazzling Flash
  5824 | D:5      | Reached skill level 1 in Long Blades
  5939 | D:5      | Found a staircase to the Ecumenical Temple.
  5995 | D:5      | Reached skill level 2 in Long Blades
  6111 | D:6      | Reached ** piety under Sif Muna
  6302 | D:6      | Reached skill level 3 in Long Blades
  6489 | D:6      | Learned a level 3 spell: Gell's Gravitas
  6592 | D:6      | Found a runed translucent gate.
  6592 | D:6      | Found a runed translucent gate.
  6592 | D:6      | Found a runed translucent gate.
  6612 | D:6      | Found a roughly hewn altar of Beogh.
  6612 | D:6      | Noticed captivecurve's ghost (novice HOFi)
  6612 | D:6      | Identified the cursed +1 quarterstaff "Lerij" {spect, rF+
                  | rC- Int+8}
  6612 | D:6      | Identified the cursed +1 chain mail of Dim Light {rPois rC-
                  | SInv Stlth+}
  6612 | D:6      | Identified the cursed +1 quarterstaff "Lerij" {spect, rF+
                  | rC- Int+8}
  6816 | D:6      | Reached skill level 4 in Long Blades
  7058 | D:7      | Noticed a troll
  7071 | D:7      | Killed a troll
  7072 | D:7      | Reached skill level 5 in Long Blades
  7072 | D:7      | Reached XP level 9. HP: 12/71 MP: 14/14
  7233 | D:7      | Found an opulent altar of Gozag.
  7319 | D:7      | Found an iron altar of Okawaru.
  7347 | D:7      | Found a sand-covered staircase.
  7356 | Ossuary  | Entered an ossuary
  7584 | Ossuary  | Reached *** piety under Sif Muna
  7585 | Ossuary  | Reached skill level 5 in Spellcasting
  8363 | D:8      | Noticed Maggie
  8386 | D:8      | Killed Maggie
  8653 | D:8      | Noticed a two-headed ogre
  8796 | D:8      | Reached skill level 6 in Long Blades
  9493 | D:8      | Noticed Maurice
  9735 | D:8      | Noticed Prince Ribbit
 10209 | D:8      | Killed a two-headed ogre
 10210 | D:8      | Reached skill level 5 in Fighting
 10210 | D:8      | Reached skill level 5 in Dodging
 10210 | D:8      | Reached XP level 10. HP: 40/81 MP: 15/17
 10472 | D:9      | Noticed Psyche
 10483 | D:9      | Killed Psyche
 10484 | D:9      | Reached skill level 7 in Long Blades
 10486 | D:9      | Reached **** piety under Sif Muna
 11421 | D:10     | Entered Level 10 of the Dungeon
 11591 | D:10     | Found a runed translucent gate.
 11591 | D:10     | Found a runed translucent gate.
 11591 | D:10     | Found a runed translucent gate.
 11591 | D:10     | Noticed mavignon's ghost (journeyman FoHu)
 11591 | D:10     | Noticed an 11-headed hydra
 11653 | D:10     | Reached skill level 8 in Long Blades
 11999 | D:10     | Got a crude short sword
 12000 | D:10     | Identified the +9 short sword of Joyful Slaughter {flame,
                  | rPois Int+2} (You found it on level 10 of the Dungeon)
 12006 | D:10     | Noticed Harold
 12015 | D:10     | Killed Harold
 12016 | D:10     | Reached XP level 11. HP: 88/89 MP: 20/20
 12346 | D:11     | Reached ***** piety under Sif Muna
 12435 | D:11     | Reached skill level 9 in Long Blades
 12534 | D:11     | Found a staircase to the Orcish Mines.
 12670 | D:11     | Reached skill level 5 in Hexes
 12700 | D:11     | Received a gift from Sif Muna
 12706 | D:11     | Learned a level 1 spell: Magic Dart
 12709 | D:11     | Learned a level 2 spell: Searing Ray
 12879 | D:11     | Found a staircase to the Lair.
 13286 | D:12     | Noticed a brown ugly thing
 13314 | D:12     | Killed a brown ugly thing
 13394 | D:12     | Found a frozen archway.
 13453 | IceCv    | Entered an ice cave
 14430 | D:12     | Demolished by a freezing wraith

Illustrated notes

Levels and vault maps discovered:
D:1:      minmay_arrival_up_and_down, layout_basic,
          chequers_serial_rivers_small_b, minmay_hexomino_c4
D:2:      layout_basic, lemuel_coloured_pillars_altar, hex_large
D:3:      layout_loops_corners, nicolae_overflow_crystal_walls,
          lemuel_round_altar, overflow_temple_1_default,
          nicolae_overflow_hidden_temple, minmay_lizard_king
D:4:      layout_loops_ring, lemuel_doored_altar, serial_shops,
          nicolae_shop_statue_plus, nicolae_shop_waterfront,
          palyth_stone_intersect, uniq_eustachio, uniq_pikel, uniq_robin,
          uniq_ijyb
D:5:      layout_rooms, minmay_temple_entry_gardened_gates
D:6:      layout_basic, biasface_ghost_orc_armoury
D:7:      layout_basic, okawaru_gym_becter,
          lightli_ossuary_entry_decrepit_ruins,
          nicolae_gozag_cash_rules_everything_around_me
D:8:      layout_basic, minivault_5, chequers_serial_rivers_small_3,
          uniq_maggie, uniq_maurice, uniq_prince_ribbit1
D:9:      layout_basic, uniq_psyche
D:10:     layout_stronghold, gammafunk_ghost_hydra_chop, uniq_harold
D:11:     layout_irregular_city, due_lair_maze_entry_diamond, orc_0_dummy,
          eino_tiny_chamber
D:12:     layout_loops_ring, portal_ice_cave_entry_imps, minmay_puff,
          uniq_frances

Skill      XL: |  1  2  3  4  5  6  7  8  9 10 11 |
---------------+----------------------------------+-----
Spellcasting   | 2 3 4 5 6 7 |  7.5
Fighting       | 1 2 4 5 6 |  6.7
Short Blades   | 2 3 4 5 6 |  6.6
Dodging        | 3 4 5 6 |  6.7
Armour         | 2 3 |  3.9
Stealth        | 3 4 |  4.2
Hexes          | 3 4 5 |  5.1
Long Blades    | 5 6 8 9 |  9.0
Throwing       | |  0.3
Unarmed Combat | |  0.9
Translocations | |  0.8

Action                   |  1- 3 |  4- 6 |  7- 9 | 10-12 || total
-------------------------+-------+-------+-------+-------++-------
Melee: Dagger            |   116 |       |       |       ||   116
       Headbutt          |    17 |    17 |    46 |    62 ||   142
       Short sword       |    14 |   152 |    15 |   219 ||   400
       Falchion          |       |       |   303 |   173 ||   476
       Unarmed           |       |       |     5 |       ||     5
       Punch             |       |       |       |     2 ||     2
Throw: Boomerang         |       |       |     4 |       ||     4
       Dart              |       |       |     1 |     9 ||    10
 Cast: Corona            |    39 |    27 |    83 |    71 ||   220
       Tukima's Dance    |       |       |     4 |     1 ||     5
       Gell's Gravitas   |       |       |       |     6 ||     6
       Searing Ray       |       |       |       |     8 ||     8
       Magic Dart        |       |       |       |     6 ||     6
Evoke: Wand              |       |       |     1 |     2 ||     3
  Use: Scroll            |       |     8 |    15 |     4 ||    27
       Potion            |       |       |    12 |     4 ||    16
 Stab: Sleeping          |     2 |     1 |     2 |     4 ||     9
       Distracted        |       |       |       |     1 ||     1
Armor: Robe              |    25 |     5 |       |       ||    30
       Leather armour    |       |    42 |    49 |       ||    91
       Steam dragon scal |       |       |    22 |   113 ||   135
       Skin              |       |       |     1 |       ||     1
Dodge: Dodged            |    66 |    79 |   250 |   375 ||   770
       Rpst.: Falchion   |       |       |    74 |    38 ||   112
